Jets vs Blues

Created - April 24, 2016 at 10:22

Goals
1 2 3 T
Jets 3 1 1 5
Blues 0 3 0 3
Shots
1 2 3 T
Jets 18 10 13 41
Blues 6 19 8 33

1st period

1. Jets , Hampus Lindholm 1 (Nick Bonino, Jason Zucker) at 1:06
2. Jets , Brad Marchand 2 (Joe Pavelski, Kyle Okposo) at 9:34
3. Jets , Joe Pavelski 6 (Tyler Myers) at 14:06 (PP)

Penalties :
Mike Weaver (STL) for Interference (Minor) at 5:14, Clarke MacArthur (STL) for Holding (Minor) at 12:38, Lee Stempniak (STL) for Hooking (Minor) at 14:15

2nd period

4. Jets , Jamie Benn 4 (Tyler Myers, Brent Seabrook) at 1:21
5. Blues , Jussi Jokinen 4 (Mike Fisher, Matt Carle) at 6:44
6. Blues , Mike Fisher 5 (Carl Gunnarsson, Michael Raffl) at 8:48 (PP)
7. Blues , Jiri Hudler 5 (Marian Hossa) at 11:52

Penalties :
Brad Marchand (WPG) for Holding Stick (Minor) at 7:55

3rd period

8. Jets , Cam Atkinson 4 (David Krejci, Nicklas Grossmann) at 6:23

Penalties :
Mike Fisher (STL) for Fighting (Major) at 1:35, Brad Marchand (WPG) for Fighting (Major) at 1:35, Tyler Myers (WPG) for Slashing (Minor) at 15:33, Tyson Strachan (STL) for Hooking (Minor) at 17:44

Goalie Stats

Cory Schneider (WPG), 30 saves from 33 shots - (0.909), W, 7-1-0, 60:00 minutes
Antti Niemi (STL), 36 saves from 41 shots - (0.878), L, 5-3-0, 60:00 minutes

Players Stats for Jets

Player Name              G  A  P  +/- PIM S  H  SB GA TA FO     MP     PP MP  PK MP  
------------------------------------------------------------------------------------
Boyd Gordon              0  0  0   0  0   0  0  0  0  0  0/0     0:00   0:00   0:00 
Brad Marchand            1  0  1   1  7   2  4  0  0  0  0/1    17:28   3:52   0:00 
Brent Seabrook           0  1  1   2  0   3  1  0  0  0  0/0    21:50   3:04   1:02 
Brett Connolly           0  0  0   0  0   0  0  0  0  0  0/0     0:00   0:00   0:00 
Cam Atkinson             1  0  1   2  0   5  2  0  0  0  0/1    22:39   3:52   1:19 
David Krejci             0  1  1   2  0   1  0  0  0  0  14/28  21:20   3:52   0:00 
Dylan Olsen              0  0  0  -1  0   0  2  0  0  0  0/0    20:18   3:04   0:37 
Frans Nielsen            0  0  0   0  0   0  0  0  0  0  1/4     1:59   0:00   1:33 
Hampus Lindholm          1  0  1   1  0   2  0  2  0  0  0/0    11:12   0:13   0:00 
Jamie Benn               1  0  1   2  0   7  5  0  0  0  0/1    25:33   3:33   1:33 
Jason Zucker             0  1  1  -1  0   2  1  0  0  0  0/1    15:12   0:00   0:00 
Joe Pavelski             1  1  2   1  0   6  0  0  0  0  24/43  23:10   3:33   0:00 
Kyle Okposo              0  1  1   1  0   6  4  0  0  0  1/2    23:10   3:33   0:00 
Nick Bonino              0  1  1  -1  0   1  0  0  0  0  15/26  13:57   0:00   1:19 
Nicklas Grossmann        0  1  1   1  0   0  3  0  0  0  0/0    17:37   0:00   2:15 
Patrick Eaves            0  0  0  -1  0   3  1  0  0  0  0/0    12:38   0:00   0:00 
Tobias Enstrom           0  0  0  -1  0   2  0  1  0  0  0/0    22:35   4:08   1:50 
Tyler Myers              0  2  2   2  2   1  1  1  0  0  0/0    26:27   4:21   0:00 

Players Stats for Blues

Player Name              G  A  P  +/- PIM S  H  SB GA TA FO     MP     PP MP  PK MP  
------------------------------------------------------------------------------------
Cal Clutterbuck          0  0  0   0  0   0  1  0  0  0  1/1     8:55   0:00   0:00 
Carl Gunnarsson          0  1  1   0  0   0  0  2  0  0  0/0    22:49   1:41   4:17 
Clarke MacArthur         0  0  0  -1  2   3  1  0  0  0  1/3    14:05   0:00   0:16 
Jay McClement            0  0  0  -1  0   1  1  0  0  0  4/9     3:14   0:00   0:59 
Jiri Hudler              1  0  1   1  0   6  1  0  0  0  14/31  18:56   1:20   1:48 
Joakim Andersson         0  0  0   0  0   1  0  0  0  0  5/12    9:00   0:00   0:05 
Johnny Boychuk           0  0  0   0  0   1  3  4  0  0  0/0    23:37   1:11   3:48 
Jussi Jokinen            1  0  1  -2  0   5  0  0  0  0  2/4    15:21   1:32   0:00 
Lee Stempniak            0  0  0  -1  2   2  1  0  0  0  0/0    13:49   0:00   0:00 
Marian Hossa             0  1  1   0  0   4  4  0  0  0  3/7    24:27   1:20   4:25 
Matt Carle               0  1  1   1  0   2  0  1  0  0  0/0    22:08   1:11   3:49 
Matt Irwin               0  0  0  -3  0   0  1  1  0  0  0/0    14:45   0:00   0:00 
Michael Raffl            0  1  1  -2  0   0  3  0  0  0  0/2    14:37   1:32   0:00 
Mike Fisher              1  1  2  -1  5   3  0  0  0  0  21/34  23:16   1:32   4:33 
Mike Weaver              0  0  0   1  2   0  3  1  0  0  0/0    20:39   1:41   2:56 
Rick Nash                0  0  0   1  0   3  1  0  0  0  1/3    17:57   1:20   2:44 
Rob Klinkhammer          0  0  0   0  0   2  0  0  0  0  0/1     8:55   0:00   0:00 
Tyson Strachan           0  0  0  -3  2   0  0  0  0  0  0/0    16:00   0:00   0:00 

3 Stars

1 - Jamie Benn (WPG)
2 - Joe Pavelski (WPG)
3 - Cam Atkinson (WPG)

Power Play

Jets - 1 on 4 Attempt(s) - 25.00%
Blues - 1 on 2 Attempt(s) - 50.00%

Penalty Kill

Jets - 1 on 2 Attempt(s) - 50.00% - Score 0 goal in Penalty Kill
Blues - 3 on 4 Attempt(s) - 75.00% - Score 0 goal in Penalty Kill

Team Stat

Jets - Hits : 24 - Faceoff Wins : 55 - Blocked Shots : 4 - Penalty Minutes : 9
Blues - Hits : 20 - Faceoff Wins : 52 - Blocked Shots : 9 - Penalty Minutes : 13

Official

Referees : Mark Lemelin and Marc Joannette
Linesman : Michel Cormier and Pierre Racicot

Game Notes

Jay McClement is injured at 11:05 of 1st period (Sprained Left Finger)
Brad Marchand beats up Mike Fisher at 1:35 of 3rd period
Matt Irwin is injured at 13:52 of 3rd period (Upper Body)

Finance

Level 1 -- Attendance: 6500 (100.00%) -- Ticket Income $656,500
Level 2 -- Attendance: 4936 (98.72%) -- Ticket Income $419,560
Level 3 -- Attendance: 3500 (100.00%) -- Ticket Income $210,000
Level 4 -- Attendance: 3065 (97.30%) -- Ticket Income $137,925
Luxury Box -- Attendance: 1000 (100.00%) -- Ticket Income $200,000
Game was played at the Scottrade Center.
Total Attendance: 19001 (99.22%)
Total Ticket Income: $1,623,985
Other Income: $243,598
Total Income: $1,867,583

% Time on Ice - Jets

Lines # - Real PCT - Wanted PCT - Time Play
Normal Forward
1 - 33% - 35% - 16:38
2 - 35% - 35% - 17:28
3 - 25% - 20% - 12:38
4 - 6% - 10% - 2:59
Normal Defense
1 - 36% - 35% - 17:44
2 - 33% - 32% - 16:37
3 - 22% - 23% - 10:59
4 - 9% - 10% - 4:23
PP Forward
1 - 48% - 63% - 3:33
2 - 52% - 37% - 3:52
PP Defense
1 - 59% - 70% - 4:21
2 - 41% - 30% - 3:04
PK Forward
1 - 46% - 50% - 1:19
2 - 54% - 50% - 1:33
PK Defense
1 - 64% - 60% - 1:50
2 - 36% - 40% - 1:02
PK3 Forward
1 - 0% - 70%
2 - 0% - 30%
PK3 Defense
1 - 0% - 60%
2 - 0% - 40%
44 Forward
1 - 0% - 50%
2 - 0% - 50%
44 Defense
1 - 0% - 51%
2 - 0% - 49%
Last Minute Offensive  - 0:00
Last Minute Defensive  - 0:00
Total
Forward - 60:00
Defense - 60:00

% Time on Ice - Blues

Lines # - Real PCT - Wanted PCT - Time Play
Normal Forward
1 - 28% - 32% - 13:53
2 - 26% - 29% - 13:05
3 - 28% - 26% - 13:50
4 - 18% - 13% - 8:55
Normal Defense
1 - 34% - 35% - 16:51
2 - 32% - 33% - 16:03
3 - 32% - 32% - 16:01
4 - 2% - 0% - 0:48
PP Forward
1 - 47% - 51% - 1:20
2 - 53% - 49% - 1:32
PP Defense
1 - 41% - 62% - 1:11
2 - 59% - 38% - 1:41
PK Forward
1 - 63% - 50% - 4:41
2 - 37% - 50% - 2:44
PK Defense
1 - 40% - 51% - 2:57
2 - 60% - 49% - 4:28
PK3 Forward
1 - 0% - 51%
2 - 0% - 49%
PK3 Defense
1 - 0% - 51%
2 - 0% - 49%
44 Forward
1 - 0% - 51%
2 - 0% - 49%
44 Defense
1 - 0% - 51%
2 - 0% - 49%
Last Minute Offensive  - 0:00
Last Minute Defensive  - 0:00
Total
Forward - 60:00
Defense - 60:00

Play by Play

1st period


0:01 of 1st period - Joe Pavelski wins face-off versus Jiri Hudler in neutral zone.
0:15 of 1st period - Shot by Joe Pavelski.
0:15 of 1st period - Stopped by Antti Niemi without a rebound.
0:16 of 1st period - Mike Fisher wins face-off versus David Krejci in Blues zone.
0:47 of 1st period - Shot by Jussi Jokinen.
0:47 of 1st period - Stopped by Cory Schneider without a rebound.
0:48 of 1st period - Nick Bonino wins face-off versus Clarke MacArthur in Jets zone.
1:04 of 1st period - Shot by Jason Zucker.
1:04 of 1st period - Deflect By Nick Bonino.
1:04 of 1st period - Shot Blocked by Matt Irwin.
1:06 of 1st period - Shot by Hampus Lindholm.
1:06 of 1st period - Goal by Hampus Lindholm - Jets : 1 - Blues : 0.
1:07 of 1st period - Joakim Andersson wins face-off versus Kyle Okposo in neutral zone.
1:09 of 1st period - Off-side.
1:10 of 1st period - Jiri Hudler wins face-off versus Joe Pavelski in neutral zone.
1:10 of 1st period - Marian Hossa is hit by Jamie Benn and loses puck.
1:26 of 1st period - Jiri Hudler is hit by Nicklas Grossmann.
1:35 of 1st period - Rick Nash is hit by Nicklas Grossmann and loses puck.
2:25 of 1st period - Tobias Enstrom is hit by Lee Stempniak and loses puck.
3:03 of 1st period - Icing by Tobias Enstrom.
3:04 of 1st period - Nick Bonino wins face-off versus Mike Fisher in Jets zone.
3:34 of 1st period - Shot by Jamie Benn.
3:34 of 1st period - Stopped by Antti Niemi without a rebound.
3:35 of 1st period - Joe Pavelski wins face-off versus Joakim Andersson in Blues zone.
3:44 of 1st period - Shot by Kyle Okposo.
3:44 of 1st period - Stopped by Antti Niemi without a rebound.
3:45 of 1st period - Joe Pavelski wins face-off versus Jiri Hudler in Blues zone.
4:10 of 1st period - Johnny Boychuk is hit by Kyle Okposo.
4:33 of 1st period - Off-side.
4:34 of 1st period - Joakim Andersson wins face-off versus David Krejci in neutral zone.
5:08 of 1st period - Icing by Matt Carle.
5:09 of 1st period - Nick Bonino wins face-off versus Rob Klinkhammer in Blues zone.
5:13 of 1st period - Icing by Mike Weaver.
5:14 of 1st period - Joe Pavelski wins face-off versus Joakim Andersson in Blues zone.
5:14 of 1st period - Minor Penalty to Mike Weaver for Interference.
5:15 of 1st period - Jay McClement wins face-off versus Joe Pavelski in Blues zone.
5:37 of 1st period - Shot by Joe Pavelski.
5:37 of 1st period - Stopped by Antti Niemi without a rebound.
5:38 of 1st period - David Krejci wins face-off versus Jay McClement in Blues zone.
5:55 of 1st period - Shot by Cam Atkinson.
5:55 of 1st period - Stopped by Antti Niemi with a rebound.
5:57 of 1st period - Shot by Brent Seabrook.
5:57 of 1st period - Shot Misses the Net.
5:59 of 1st period - Shot by Brent Seabrook.
5:59 of 1st period - Stopped by Antti Niemi with a rebound.
6:01 of 1st period - Shot by Brent Seabrook.
6:01 of 1st period - Stopped by Antti Niemi without a rebound.
6:02 of 1st period - Jay McClement wins face-off versus Joe Pavelski in Blues zone.
6:11 of 1st period - Shot by Mike Fisher.
6:11 of 1st period - Stopped by Cory Schneider with a rebound.
6:40 of 1st period - Shot by Joe Pavelski.
6:40 of 1st period - Deflect By Jamie Benn.
6:40 of 1st period - Stopped by Antti Niemi without a rebound.
6:41 of 1st period - Jay McClement wins face-off versus David Krejci in Blues zone.
6:41 of 1st period - Jay McClement is hit by Brad Marchand.
7:19 of 1st period - Shot by Rob Klinkhammer.
7:19 of 1st period - Stopped by Cory Schneider with a rebound.
7:47 of 1st period - Shot by Hampus Lindholm.
7:47 of 1st period - Stopped by Antti Niemi without a rebound.
7:48 of 1st period - Mike Fisher wins face-off versus Joe Pavelski in Blues zone.
7:56 of 1st period - Icing by Jamie Benn.
7:57 of 1st period - Mike Fisher wins face-off versus Joe Pavelski in Jets zone.
8:32 of 1st period - Icing by Brent Seabrook.
8:33 of 1st period - Joe Pavelski wins face-off versus Jay McClement in Jets zone.
8:33 of 1st period - Joe Pavelski is hit by Jay McClement.
8:45 of 1st period - Icing by Matt Irwin.
8:46 of 1st period - Nick Bonino wins face-off versus Jay McClement in Blues zone.
8:55 of 1st period - Icing by Tyson Strachan.
8:56 of 1st period - Jay McClement wins face-off versus Nick Bonino in Blues zone.
8:56 of 1st period - Jay McClement is hit by Jason Zucker.
9:13 of 1st period - Shot by Tyson Strachan.
9:13 of 1st period - Shot Misses the Net.
9:15 of 1st period - Shot by Jay McClement.
9:15 of 1st period - Stopped by Cory Schneider without a rebound.
9:16 of 1st period - Jiri Hudler wins face-off versus Joe Pavelski in Jets zone.
9:22 of 1st period - Icing by Tyler Myers.
9:23 of 1st period - Joe Pavelski wins face-off versus Mike Fisher in Jets zone.
9:27 of 1st period - Kyle Okposo is hit by Johnny Boychuk and loses puck.
9:30 of 1st period - Shot by Joe Pavelski.
9:30 of 1st period - Shot Blocked by Carl Gunnarsson.
9:32 of 1st period - Shot by Brad Marchand.
9:32 of 1st period - Shot Blocked by Johnny Boychuk.
9:34 of 1st period - Shot by Brad Marchand.
9:34 of 1st period - The goal is going for a video replay.
9:34 of 1st period - The goal is good.
9:34 of 1st period - Goal by Brad Marchand - Jets : 2 - Blues : 0.
9:35 of 1st period - David Krejci wins face-off versus Jiri Hudler in neutral zone.
9:39 of 1st period - David Krejci is hit by Mike Weaver and loses puck.
9:56 of 1st period - Cam Atkinson is hit by Mike Weaver and loses puck.
10:32 of 1st period - Icing by Dylan Olsen.
10:33 of 1st period - Mike Fisher wins face-off versus Jamie Benn in Jets zone.
10:45 of 1st period - Icing by Dylan Olsen.
10:46 of 1st period - David Krejci wins face-off versus Jay McClement in Jets zone.
10:56 of 1st period - Icing by Matt Irwin.
10:57 of 1st period - Joe Pavelski wins face-off versus Jay McClement in Blues zone.
11:04 of 1st period - Jay McClement is hit by Brad Marchand and loses puck.
11:05 of 1st period - Jay McClement from Blues is injured at 11:05 of 1st period (Sprained Left Finger).
11:06 of 1st period - Joe Pavelski wins face-off versus Mike Fisher in Blues zone.
11:09 of 1st period - Shot by Kyle Okposo.
11:09 of 1st period - Stopped by Antti Niemi without a rebound.
11:10 of 1st period - Joe Pavelski wins face-off versus Mike Fisher in Blues zone.
11:25 of 1st period - Shot by Joe Pavelski.
11:25 of 1st period - Shot Misses the Net.
11:27 of 1st period - Shot by Brent Seabrook.
11:27 of 1st period - Shot Misses the Net.
11:29 of 1st period - Shot by Joe Pavelski.
11:29 of 1st period - Stopped by Antti Niemi with a rebound.
11:49 of 1st period - Shot by Kyle Okposo.
11:49 of 1st period - Shot Misses the Net.
11:51 of 1st period - Shot by Kyle Okposo.
11:51 of 1st period - Shot Misses the Net.
12:38 of 1st period - Minor Penalty to Clarke MacArthur for Holding.
12:39 of 1st period - Mike Fisher wins face-off versus Joe Pavelski in Blues zone.
12:58 of 1st period - Shot by Joe Pavelski.
12:58 of 1st period - Shot Misses the Net.
13:26 of 1st period - Shot by Brent Seabrook.
13:26 of 1st period - Stopped by Antti Niemi without a rebound.
13:27 of 1st period - Mike Fisher wins face-off versus Brad Marchand in Blues zone.
13:27 of 1st period - Mike Fisher is hit by Cam Atkinson.
13:34 of 1st period - Icing by Cam Atkinson.
13:35 of 1st period - Mike Fisher wins face-off versus David Krejci in Jets zone.
13:42 of 1st period - Marian Hossa is hit by Cam Atkinson and loses puck.
13:47 of 1st period - Shot by David Krejci.
13:47 of 1st period - Stopped by Antti Niemi without a rebound.
13:48 of 1st period - Joe Pavelski wins face-off versus Mike Fisher in Blues zone.
13:59 of 1st period - Mike Fisher is hit by Jamie Benn and loses puck.
14:06 of 1st period - Shot by Joe Pavelski.
14:06 of 1st period - Goal by Joe Pavelski - Jets : 3 - Blues : 0.
14:07 of 1st period - Nick Bonino wins face-off versus Marian Hossa in neutral zone.
14:09 of 1st period - Hampus Lindholm is hit by Clarke MacArthur and loses puck.
14:15 of 1st period - Minor Penalty to Lee Stempniak for Hooking.
14:16 of 1st period - David Krejci wins face-off versus Mike Fisher in Blues zone.
15:01 of 1st period - Shot by Cam Atkinson.
15:01 of 1st period - Stopped by Antti Niemi without a rebound.
15:02 of 1st period - Jiri Hudler wins face-off versus Joe Pavelski in Blues zone.
15:13 of 1st period - Shot by Jamie Benn.
15:13 of 1st period - Shot Blocked by Johnny Boychuk.
15:41 of 1st period - Shot by Jamie Benn.
15:41 of 1st period - Stopped by Antti Niemi with a rebound.
15:43 of 1st period - Shot by Brent Seabrook.
15:43 of 1st period - Shot Blocked by Johnny Boychuk.
15:45 of 1st period - Shot by Dylan Olsen.
15:45 of 1st period - Shot Misses the Net.
16:35 of 1st period - Shot by Jussi Jokinen.
16:35 of 1st period - Stopped by Cory Schneider with a rebound.
16:42 of 1st period - Shot by Jussi Jokinen.
16:42 of 1st period - Stopped by Cory Schneider without a rebound.
16:43 of 1st period - Joakim Andersson wins face-off versus Joe Pavelski in Jets zone.
17:11 of 1st period - Icing by Tyler Myers.
17:12 of 1st period - Joe Pavelski wins face-off versus Mike Fisher in Jets zone.
17:48 of 1st period - Off-side.
17:49 of 1st period - Nick Bonino wins face-off versus Jiri Hudler in neutral zone.
18:13 of 1st period - Icing by Jason Zucker.
18:14 of 1st period - Joakim Andersson wins face-off versus Nick Bonino in Jets zone.
18:51 of 1st period - Icing by Nicklas Grossmann.
18:52 of 1st period - Nick Bonino wins face-off versus Jiri Hudler in Jets zone.
18:52 of 1st period - Nick Bonino is hit by Rick Nash.
19:03 of 1st period - Icing by Mike Weaver.
19:04 of 1st period - Jiri Hudler wins face-off versus Joe Pavelski in Blues zone.
19:04 of 1st period - Jiri Hudler is hit by Kyle Okposo.
19:32 of 1st period - Shot by Kyle Okposo.
19:32 of 1st period - Shot Blocked by Mike Weaver.
19:35 of 1st period - Icing by Mike Weaver.
19:36 of 1st period - David Krejci wins face-off versus Jiri Hudler in Blues zone.
19:40 of 1st period - Icing by Mike Weaver.
19:41 of 1st period - David Krejci wins face-off versus Jiri Hudler in Blues zone.
Goals for this period are 3 for Jets vs 0 for Blues.
Shots for this period are 18 for Jets vs 6 for Blues.

2nd period


0:01 of 2nd period - Joe Pavelski wins face-off versus Mike Fisher in neutral zone.
0:35 of 2nd period - Shot by Joe Pavelski.
0:35 of 2nd period - Shot Misses the Net.
0:59 of 2nd period - Shot by Jamie Benn.
0:59 of 2nd period - Shot Misses the Net.
1:21 of 2nd period - Shot by Jamie Benn.
1:21 of 2nd period - Goal by Jamie Benn - Jets : 4 - Blues : 0.
1:22 of 2nd period - Nick Bonino wins face-off versus Jiri Hudler in neutral zone.
1:36 of 2nd period - Jiri Hudler is hit by Nicklas Grossmann and loses puck.
1:43 of 2nd period - Shot by Jiri Hudler.
1:43 of 2nd period - Stopped by Cory Schneider without a rebound.
1:44 of 2nd period - David Krejci wins face-off versus Marian Hossa in Jets zone.
2:05 of 2nd period - Shot by Clarke MacArthur.
2:05 of 2nd period - Stopped by Cory Schneider without a rebound.
2:06 of 2nd period - Joe Pavelski wins face-off versus Joakim Andersson in Jets zone.
2:29 of 2nd period - Shot by Cal Clutterbuck.
2:29 of 2nd period - Deflect By Rob Klinkhammer.
2:29 of 2nd period - Stopped by Cory Schneider without a rebound.
2:30 of 2nd period - David Krejci wins face-off versus Mike Fisher in Jets zone.
2:51 of 2nd period - Shot by Clarke MacArthur.
2:51 of 2nd period - Stopped by Cory Schneider without a rebound.
2:52 of 2nd period - Joe Pavelski wins face-off versus Jiri Hudler in Jets zone.
2:52 of 2nd period - Kyle Okposo is hit by Jiri Hudler and loses puck.
3:14 of 2nd period - Shot by Rick Nash.
3:14 of 2nd period - Shot Misses the Net.
3:29 of 2nd period - Joe Pavelski is hit by Johnny Boychuk and loses puck.
4:00 of 2nd period - Shot by Jamie Benn.
4:00 of 2nd period - Shot Misses the Net.
4:04 of 2nd period - Shot by Cam Atkinson.
4:04 of 2nd period - Stopped by Antti Niemi without a rebound.
4:05 of 2nd period - Mike Fisher wins face-off versus Nick Bonino in Blues zone.
4:41 of 2nd period - Shot by Mike Fisher.
4:41 of 2nd period - Shot Misses the Net.
4:43 of 2nd period - Shot by Matt Carle.
4:43 of 2nd period - Shot Misses the Net.
4:45 of 2nd period - Shot by Jussi Jokinen.
4:45 of 2nd period - Shot Blocked by Hampus Lindholm.
6:28 of 2nd period - Shot by Kyle Okposo.
6:28 of 2nd period - Shot Blocked by Carl Gunnarsson.
6:30 of 2nd period - Shot by Kyle Okposo.
6:30 of 2nd period - Stopped by Antti Niemi without a rebound.
6:31 of 2nd period - Mike Fisher wins face-off versus Nick Bonino in Blues zone.
6:44 of 2nd period - Shot by Jussi Jokinen.
6:44 of 2nd period - Goal by Jussi Jokinen - Jets : 4 - Blues : 1.
6:45 of 2nd period - Mike Fisher wins face-off versus David Krejci in neutral zone.
6:45 of 2nd period - Michael Raffl is hit by Jamie Benn and loses puck.
6:50 of 2nd period - Tyler Myers is hit by Michael Raffl and loses puck.
6:59 of 2nd period - Shot by Jussi Jokinen.
6:59 of 2nd period - Stopped by Cory Schneider with a rebound.
7:01 of 2nd period - Shot by Matt Carle.
7:01 of 2nd period - Stopped by Cory Schneider with a rebound.
7:03 of 2nd period - Shot by Mike Weaver.
7:03 of 2nd period - Shot Misses the Net.
7:17 of 2nd period - Shot by Mike Fisher.
7:17 of 2nd period - Shot Hit the Post.
7:41 of 2nd period - Shot by Lee Stempniak.
7:41 of 2nd period - Stopped by Cory Schneider without a rebound.
7:42 of 2nd period - Joe Pavelski wins face-off versus Joakim Andersson in Jets zone.
7:55 of 2nd period - Minor Penalty to Brad Marchand for Holding Stick.
7:56 of 2nd period - Jiri Hudler wins face-off versus Frans Nielsen in Jets zone.
8:11 of 2nd period - Shot by Marian Hossa.
8:11 of 2nd period - Stopped by Cory Schneider without a rebound.
8:12 of 2nd period - Nick Bonino wins face-off versus Mike Fisher in Jets zone.
8:25 of 2nd period - Nicklas Grossmann is hit by Michael Raffl and loses puck.
8:32 of 2nd period - Shot by Mike Fisher.
8:32 of 2nd period - Shot Hit the Post.
8:34 of 2nd period - Shot by Mike Weaver.
8:34 of 2nd period - Shot Misses the Net.
8:44 of 2nd period - Shot by Carl Gunnarsson.
8:44 of 2nd period - Shot Misses the Net.
8:46 of 2nd period - Shot by Mike Fisher.
8:46 of 2nd period - Shot Misses the Net.
8:48 of 2nd period - Shot by Mike Fisher.
8:48 of 2nd period - The goal is going for a video replay.
8:48 of 2nd period - The goal is good.
8:48 of 2nd period - Goal by Mike Fisher - Jets : 4 - Blues : 2.
8:49 of 2nd period - Joe Pavelski wins face-off versus Jiri Hudler in neutral zone.
9:08 of 2nd period - Shot by Rick Nash.
9:08 of 2nd period - Stopped by Cory Schneider without a rebound.
9:09 of 2nd period - Nick Bonino wins face-off versus Mike Fisher in Jets zone.
9:24 of 2nd period - Shot by Jason Zucker.
9:24 of 2nd period - Shot Misses the Net.
9:26 of 2nd period - Shot by Patrick Eaves.
9:26 of 2nd period - Shot Blocked by Johnny Boychuk.
9:28 of 2nd period - Shot by Tobias Enstrom.
9:28 of 2nd period - Stopped by Antti Niemi without a rebound.
9:29 of 2nd period - Jiri Hudler wins face-off versus Joe Pavelski in Blues zone.
10:54 of 2nd period - Shot by Mike Fisher.
10:54 of 2nd period - Stopped by Cory Schneider without a rebound.
10:55 of 2nd period - Clarke MacArthur wins face-off versus Nick Bonino in Jets zone.
11:49 of 2nd period - Icing by Tobias Enstrom.
11:50 of 2nd period - Marian Hossa wins face-off versus Nick Bonino in Jets zone.
11:50 of 2nd period - Marian Hossa is hit by Dylan Olsen.
11:52 of 2nd period - Shot by Jiri Hudler.
11:52 of 2nd period - Goal by Jiri Hudler - Jets : 4 - Blues : 3.
11:53 of 2nd period - Jiri Hudler wins face-off versus David Krejci in neutral zone.
11:56 of 2nd period - Shot by Rick Nash.
11:56 of 2nd period - Deflect By Jiri Hudler.
11:56 of 2nd period - Stopped by Cory Schneider with a rebound.
11:58 of 2nd period - Shot by Johnny Boychuk.
11:58 of 2nd period - Deflect By Rick Nash.
11:58 of 2nd period - Stopped by Cory Schneider with a rebound.
12:00 of 2nd period - Shot by Carl Gunnarsson.
12:00 of 2nd period - Shot Blocked by Tyler Myers.
12:02 of 2nd period - Shot by Johnny Boychuk.
12:02 of 2nd period - Shot Misses the Net.
12:04 of 2nd period - Shot by Marian Hossa.
12:04 of 2nd period - Shot Misses the Net.
12:06 of 2nd period - Shot by Marian Hossa.
12:06 of 2nd period - Stopped by Cory Schneider without a rebound.
12:07 of 2nd period - Joakim Andersson wins face-off versus Joe Pavelski in Jets zone.
12:19 of 2nd period - Icing by Hampus Lindholm.
12:20 of 2nd period - Rick Nash wins face-off versus Joe Pavelski in Jets zone.
12:21 of 2nd period - Shot by Jiri Hudler.
12:21 of 2nd period - Stopped by Cory Schneider without a rebound.
12:22 of 2nd period - David Krejci wins face-off versus Jiri Hudler in Jets zone.
12:26 of 2nd period - Off-side.
12:27 of 2nd period - Mike Fisher wins face-off versus David Krejci in neutral zone.
13:04 of 2nd period - Shot by Michael Raffl.
13:04 of 2nd period - Shot Misses the Net.
13:23 of 2nd period - Off-side.
13:24 of 2nd period - Joe Pavelski wins face-off versus Jiri Hudler in neutral zone.
13:24 of 2nd period - Joe Pavelski is hit by Marian Hossa.
13:50 of 2nd period - Shot by Marian Hossa.
13:50 of 2nd period - Stopped by Cory Schneider without a rebound.
13:51 of 2nd period - Mike Fisher wins face-off versus Nick Bonino in Jets zone.
13:52 of 2nd period - Shot by Clarke MacArthur.
13:52 of 2nd period - Deflect By Mike Fisher.
13:52 of 2nd period - Shot Blocked by Hampus Lindholm.
13:54 of 2nd period - Shot by Lee Stempniak.
13:54 of 2nd period - Stopped by Cory Schneider without a rebound.
13:55 of 2nd period - Nick Bonino wins face-off versus Mike Fisher in Jets zone.
15:01 of 2nd period - Shot by Jamie Benn.
15:01 of 2nd period - Stopped by Antti Niemi without a rebound.
15:02 of 2nd period - Cal Clutterbuck wins face-off versus Joe Pavelski in Blues zone.
15:02 of 2nd period - Cal Clutterbuck is hit by Brad Marchand.
15:53 of 2nd period - Off-side.
15:54 of 2nd period - Mike Fisher wins face-off versus David Krejci in neutral zone.
16:06 of 2nd period - Tyler Myers is hit by Johnny Boychuk and loses puck.
16:16 of 2nd period - Icing by Johnny Boychuk.
16:17 of 2nd period - Mike Fisher wins face-off versus Nick Bonino in Blues zone.
16:49 of 2nd period - Shot by Patrick Eaves.
16:49 of 2nd period - Stopped by Antti Niemi without a rebound.
16:50 of 2nd period - Jiri Hudler wins face-off versus David Krejci in Blues zone.
16:50 of 2nd period - Marian Hossa is hit by Jamie Benn and loses puck.
16:56 of 2nd period - Icing by Rick Nash.
16:57 of 2nd period - David Krejci wins face-off versus Jiri Hudler in Blues zone.
17:18 of 2nd period - Brent Seabrook is hit by Matt Irwin and loses puck.
17:22 of 2nd period - Icing by Matt Irwin.
17:23 of 2nd period - Jiri Hudler wins face-off versus Joe Pavelski in Blues zone.
17:23 of 2nd period - Jiri Hudler is hit by Brad Marchand.
17:29 of 2nd period - Tobias Enstrom is hit by Marian Hossa and loses puck.
18:05 of 2nd period - Shot by Kyle Okposo.
18:05 of 2nd period - Stopped by Antti Niemi with a rebound.
18:07 of 2nd period - Shot by Joe Pavelski.
18:07 of 2nd period - Stopped by Antti Niemi without a rebound.
18:08 of 2nd period - Mike Fisher wins face-off versus David Krejci in Blues zone.
18:25 of 2nd period - Shot by Jamie Benn.
18:25 of 2nd period - Stopped by Antti Niemi with a rebound.
19:45 of 2nd period - Shot by Jason Zucker.
19:45 of 2nd period - Stopped by Antti Niemi without a rebound.
19:46 of 2nd period - Jiri Hudler wins face-off versus Joe Pavelski in Blues zone.
19:46 of 2nd period - Jiri Hudler is hit by Kyle Okposo.
Goals for this period are 1 for Jets vs 3 for Blues.
Shots for this period are 10 for Jets vs 19 for Blues.

3rd period


0:01 of 3rd period - Joe Pavelski wins face-off versus Jussi Jokinen in neutral zone.
0:14 of 3rd period - Shot by Joe Pavelski.
0:14 of 3rd period - Stopped by Antti Niemi without a rebound.
0:15 of 3rd period - Jiri Hudler wins face-off versus David Krejci in Blues zone.
1:18 of 3rd period - Icing by Johnny Boychuk.
1:19 of 3rd period - Joe Pavelski wins face-off versus Michael Raffl in Blues zone.
1:24 of 3rd period - Shot by Joe Pavelski.
1:24 of 3rd period - Shot Misses the Net.
1:35 of 3rd period - Brad Marchand beats up Mike Fisher.
1:35 of 3rd period - Penalty to Mike Fisher for Fighting.
1:35 of 3rd period - Penalty to Brad Marchand for Fighting.
1:36 of 3rd period - Nick Bonino wins face-off versus Marian Hossa in Blues zone.
2:43 of 3rd period - Shot by Michael Raffl.
2:43 of 3rd period - Shot Misses the Net.
2:49 of 3rd period - Shot by Kyle Okposo.
2:49 of 3rd period - Stopped by Antti Niemi without a rebound.
2:50 of 3rd period - David Krejci wins face-off versus Joakim Andersson in Blues zone.
3:24 of 3rd period - Matt Carle is hit by Tyler Myers and loses puck.
3:27 of 3rd period - Shot by Joakim Andersson.
3:27 of 3rd period - Stopped by Cory Schneider without a rebound.
3:28 of 3rd period - Joe Pavelski wins face-off versus Michael Raffl in Jets zone.
3:33 of 3rd period - Dylan Olsen is hit by Michael Raffl and loses puck.
3:40 of 3rd period - Shot by Jussi Jokinen.
3:40 of 3rd period - Shot Misses the Net.
3:54 of 3rd period - Shot by Kyle Okposo.
3:54 of 3rd period - Shot Misses the Net.
4:10 of 3rd period - Shot by Jason Zucker.
4:10 of 3rd period - Stopped by Antti Niemi without a rebound.
4:11 of 3rd period - David Krejci wins face-off versus Marian Hossa in Blues zone.
4:52 of 3rd period - Shot by Clarke MacArthur.
4:52 of 3rd period - Stopped by Cory Schneider without a rebound.
4:53 of 3rd period - Joe Pavelski wins face-off versus Joakim Andersson in Jets zone.
4:53 of 3rd period - Joe Pavelski is hit by Cal Clutterbuck.
5:04 of 3rd period - Joe Pavelski is hit by Mike Weaver and loses puck.
5:54 of 3rd period - Icing by Jamie Benn.
5:55 of 3rd period - Jiri Hudler wins face-off versus David Krejci in Jets zone.
5:59 of 3rd period - Icing by Brent Seabrook.
6:00 of 3rd period - Jiri Hudler wins face-off versus David Krejci in Jets zone.
6:09 of 3rd period - Shot by Rick Nash.
6:09 of 3rd period - Stopped by Cory Schneider without a rebound.
6:10 of 3rd period - Marian Hossa wins face-off versus Cam Atkinson in Jets zone.
6:21 of 3rd period - Shot by David Krejci.
6:21 of 3rd period - Shot Misses the Net.
6:23 of 3rd period - Shot by Cam Atkinson.
6:23 of 3rd period - Goal by Cam Atkinson - Jets : 5 - Blues : 3.
6:24 of 3rd period - Marian Hossa wins face-off versus Joe Pavelski in neutral zone.
6:41 of 3rd period - Shot by Kyle Okposo.
6:41 of 3rd period - Stopped by Antti Niemi with a rebound.
8:13 of 3rd period - Rob Klinkhammer is hit by Jamie Benn and loses puck.
8:38 of 3rd period - Shot by Nick Bonino.
8:38 of 3rd period - Stopped by Antti Niemi without a rebound.
8:39 of 3rd period - Joe Pavelski wins face-off versus Rick Nash in Blues zone.
8:58 of 3rd period - Shot by Marian Hossa.
8:58 of 3rd period - Deflect By Jiri Hudler.
8:58 of 3rd period - Stopped by Cory Schneider without a rebound.
8:59 of 3rd period - Mike Fisher wins face-off versus Jason Zucker in Jets zone.
9:21 of 3rd period - Clarke MacArthur is hit by Brent Seabrook and loses puck.
10:39 of 3rd period - Nicklas Grossmann is hit by Marian Hossa and loses puck.
10:44 of 3rd period - Shot by Johnny Boychuk.
10:44 of 3rd period - Stopped by Cory Schneider without a rebound.
10:45 of 3rd period - Kyle Okposo wins face-off versus Joakim Andersson in Jets zone.
11:08 of 3rd period - Shot by Brad Marchand.
11:08 of 3rd period - Stopped by Antti Niemi with a rebound.
11:20 of 3rd period - Shot by Cal Clutterbuck.
11:20 of 3rd period - Shot Misses the Net.
11:37 of 3rd period - Shot by Jiri Hudler.
11:37 of 3rd period - Stopped by Cory Schneider without a rebound.
11:38 of 3rd period - David Krejci wins face-off versus Jiri Hudler in Jets zone.
11:59 of 3rd period - Shot by Marian Hossa.
11:59 of 3rd period - Stopped by Cory Schneider without a rebound.
12:00 of 3rd period - Nick Bonino wins face-off versus Mike Fisher in Jets zone.
12:04 of 3rd period - Off-side.
12:05 of 3rd period - David Krejci wins face-off versus Jiri Hudler in neutral zone.
12:14 of 3rd period - Shot by David Krejci.
12:14 of 3rd period - Shot Misses the Net.
12:32 of 3rd period - Shot by Cam Atkinson.
12:32 of 3rd period - Stopped by Antti Niemi without a rebound.
12:33 of 3rd period - Mike Fisher wins face-off versus Joe Pavelski in Blues zone.
12:47 of 3rd period - Off-side.
12:48 of 3rd period - Nick Bonino wins face-off versus Clarke MacArthur in neutral zone.
12:51 of 3rd period - Shot by Tyler Myers.
12:51 of 3rd period - Stopped by Antti Niemi with a rebound.
12:53 of 3rd period - Shot by Patrick Eaves.
12:53 of 3rd period - Stopped by Antti Niemi without a rebound.
12:54 of 3rd period - Jiri Hudler wins face-off versus Joe Pavelski in Blues zone.
12:59 of 3rd period - Shot by Marian Hossa.
12:59 of 3rd period - Shot Misses the Net.
13:07 of 3rd period - Shot by Marian Hossa.
13:07 of 3rd period - Shot Misses the Net.
13:48 of 3rd period - Off-side.
13:49 of 3rd period - Jussi Jokinen wins face-off versus Nick Bonino in neutral zone.
13:51 of 3rd period - Matt Irwin is hit by Patrick Eaves.
13:52 of 3rd period - Matt Irwin from Blues is injured at 13:52 of 3rd period (Upper Body).
13:53 of 3rd period - Mike Fisher wins face-off versus Nick Bonino in neutral zone.
14:13 of 3rd period - Jussi Jokinen is hit by Dylan Olsen and loses puck.
14:28 of 3rd period - Shot by Patrick Eaves.
14:28 of 3rd period - Shot Misses the Net.
15:33 of 3rd period - Minor Penalty to Tyler Myers for Slashing.
15:34 of 3rd period - Frans Nielsen wins face-off versus Rick Nash in Jets zone.
15:34 of 3rd period - Frans Nielsen is hit by Marian Hossa.
15:53 of 3rd period - Off-side.
15:54 of 3rd period - Mike Fisher wins face-off versus Frans Nielsen in neutral zone.
15:57 of 3rd period - Shot by Matt Carle.
15:57 of 3rd period - Stopped by Cory Schneider with a rebound.
16:38 of 3rd period - Icing by Johnny Boychuk.
16:39 of 3rd period - Mike Fisher wins face-off versus Frans Nielsen in Blues zone.
17:15 of 3rd period - Shot by Frans Nielsen.
17:15 of 3rd period - Shot Misses the Net.
17:25 of 3rd period - Shot by Rick Nash.
17:25 of 3rd period - Shot Misses the Net.
17:27 of 3rd period - Shot by Rick Nash.
17:27 of 3rd period - Shot Hit the Post.
17:29 of 3rd period - Shot by Rick Nash.
17:29 of 3rd period - Shot Blocked by Tobias Enstrom.
17:31 of 3rd period - Shot by Jiri Hudler.
17:31 of 3rd period - Shot Misses the Net.
17:44 of 3rd period - Minor Penalty to Tyson Strachan for Hooking.
17:45 of 3rd period - Mike Fisher wins face-off versus David Krejci in Blues zone.
18:48 of 3rd period - Carl Gunnarsson is hit by Kyle Okposo and loses puck.
19:36 of 3rd period - Off-side.
19:37 of 3rd period - Joe Pavelski wins face-off versus Jiri Hudler in neutral zone.
19:40 of 3rd period - Shot by Tyler Myers.
19:40 of 3rd period - Shot Blocked by Matt Carle.
19:42 of 3rd period - Shot by Tobias Enstrom.
19:42 of 3rd period - Stopped by Antti Niemi without a rebound.
19:43 of 3rd period - Joe Pavelski wins face-off versus Jiri Hudler in Blues zone.
19:44 of 3rd period - Shot by Jamie Benn.
19:44 of 3rd period - Stopped by Antti Niemi without a rebound.
19:45 of 3rd period - Nick Bonino wins face-off versus Jussi Jokinen in Blues zone.
19:48 of 3rd period - Shot by Patrick Eaves.
19:48 of 3rd period - Stopped by Antti Niemi without a rebound.
19:49 of 3rd period - Jussi Jokinen wins face-off versus Nick Bonino in Blues zone.
Goals for this period are 1 for Jets vs 0 for Blues.
Shots for this period are 13 for Jets vs 8 for Blues.